 Dungeon Crawl Stone Soup version 0.23-a0-358-g98c7a59ffc (webtiles) character file.

40 Kaname the Conjurer (level 3, -1/24 HPs)
             Began as a Demonspawn Wizard on Oct 23, 2018.
             Slain by an adder (3 damage)
             ... on level 2 of the Dungeon.
             The game lasted 00:02:19 (1419 turns).

Kaname the Conjurer (Demonspawn Wizard)             Turns: 1419, Time: 00:02:19

Health: -1/24      AC:  2    Str:  7    XL:     3   Next: 30%
Magic:  5/7        EV: 11    Int: 20    God:
Gold:   69         SH:  3    Dex: 11    Spells: 2/8 levels left

rFire    . . .     SeeInvis .   g - +6 short sword
rCold    . . .     Gourm    .   n - +0 buckler
rNeg     . . .     Faith    .   a - +0 robe
rPois    .         Spirit   .   b - +0 hat
rElec    .         Reflect  .   (no cloak)
rCorr    .         Harm     .   (no gloves)
MR       .....                  (no boots)
Stlth    ++........             (no amulet)
HPRegen  0.08/turn              (no ring)
MPRegen  0.10/turn              (no ring)

@: lethally poisoned (-1 -> -10)
A: antennae 2
a: no special abilities


You were on level 2 of the Dungeon.
You were not hungry.

You visited 1 branch of the dungeon, and saw 2 of its levels.

You collected 69 gold pieces.

Inventory:

Hand Weapons
 g - a +6 short sword (weapon)
Armour
 a - a +0 robe (worn)
 b - a +0 hat (worn)
 n - a +0 buckler (worn)
Scrolls
 h - 2 scrolls of identify {unknown}
 m - a scroll of teleportation {unknown}
 o - a scroll of amnesia {unknown}
Potions
 c - a potion of flight {unknown}
 e - 2 potions of curing {unknown}
 f - 2 potions of ambrosia {unknown}
 i - a potion of experience {unknown}
 j - 2 potions of haste {unknown}
 k - 2 potions of lignification {unknown}
 l - a potion of brilliance {unknown}
Comestibles
 d - 8 rations


   Skills:
 - Level 1.7 Dodging
 - Level 1.7 Stealth
 - Level 3.0 Spellcasting
 + Level 3.3 Conjurations
   Level 1.0 Summonings
 - Level 0.8 Translocations


You had 2 spell levels left.
You knew the following spells:

 Your Spells              Type           Power        Failure   Level  Hunger
a - Magic Dart            Conj           ###.         6%          1    None
b - Blink                 Tloc           N/A          26%         2    ##.....
c - Mephitic Cloud        Conj/Pois/Air  #.......     41%         3    ###....

Your spell library contained the following spells:

 Spells                   Type           Power        Failure   Level  Hunger
 Call Imp                 Summ           #.......     24%         2    ##.....
 Slow                     Hex            #.......     34%         2    ##.....
 Conjure Flame            Conj/Fire      #.......     36%         3    ###....


Dungeon Overview and Level Annotations

Branches:
Dungeon (2/15)

Altars:
Kikubaaqudgha
Qazlal
The Shining One


Innate Abilities, Weirdness & Mutations

You have a pair of antennae on your head.


Message History

Confirm with . or Enter, or press ? or * to list all spells.
Aiming: Magic Dart (safe; 6% risk of failure)
Press: ? - help, Shift-Dir - straight line, f - adder
Aim: an adder The magic dart hits the adder.
The adder is lightly wounded.
The adder bites you.
* * * LOW HITPOINT WARNING * * *
You are more poisoned.
The adder poisons you!
Casting: Magic Dart (safe; 6% risk of failure)
Confirm with . or Enter, or press ? or * to list all spells.
Aiming: Magic Dart (safe; 6% risk of failure)
Press: ? - help, Shift-Dir - straight line, f/p - adder
Aim: an adder (lightly wounded)
The magic dart hits the adder.
The adder is moderately wounded.
* * * LOW HITPOINT WARNING * * *
You feel sick. The adder bites you.
You die...

..# #..# #.# .. ##.## #.#
######### #..# #.##
#.......# ##.# #...
#....##.## #.###...
#...##...## #..##...
#..##.....## ##.##...
...#...)...##########
#..#...
......._.......)@S..#####
##)#...
...#.......#######w.....#
#.#... ...##.^...##
#......# #.).#.
..####...## ............#
##..## .....##.##
.##.#...?>..# #..##
...####..# # #.......#
#.>.. ...# ##.# #.#+#####
##### ...# #.# #. .#.#
#.# #.


You could see a worm and an adder.

Vanquished Creatures
  An adder (D:2)
  2 worms (D:2)
  2 dart slugs (D:1)
  3 bats
  5 goblins (D:1)
  4 hobgoblins
  A quokka (D:2)
  2 frilled lizards (D:2)
  A kobold (D:2)
  A rat (D:2)
22 creatures vanquished.

Notes
Turn   | Place    | Note
-------+----------+-------------------------------------------
     0 | D:1      | Kaname the Demonspawn Wizard began the quest for the Orb.
     0 | D:1      | Reached XP level 1. HP: 13/13 MP: 4/4
   635 | D:1      | Gained mutation: You have a pair of small antennae on your
                  | head. [demonic ancestry]
   635 | D:1      | Reached XP level 2. HP: 19/19 MP: 3/6
  1059 | D:2      | Found a stormy altar of Qazlal.
  1059 | D:2      | Noticed a fire elemental
  1066 | D:2      | Noticed an air elemental
  1066 | D:2      | Noticed an earth elemental
  1066 | D:2      | Noticed a water elemental
  1085 | D:2      | Gained mutation: You have a pair of antennae on your head.
                  | [demonic ancestry]
  1085 | D:2      | Reached XP level 3. HP: 23/24 MP: 1/7
  1143 | D:2      | Found a glowing golden altar of the Shining One.
  1197 | D:2      | Learned a level 2 spell: Blink
  1201 | D:2      | Learned a level 3 spell: Mephitic Cloud
  1299 | D:2      | Found an ancient bone altar of Kikubaaqudgha.
  1419 | D:2      | Slain by an adder

Vault maps used:
D:1:      lemuel_arrival_muddy
D:2:      lemuel_round_altar, tso_metal_star, nicolae_qazlal_style_of_elements,
          grunt_dithmenos_smoke_and_mirrors, first_ration

Skill      XL: |  1  2 |
---------------+-------+-----
Conjurations   | 2 3 |  3.3
Dodging        | |  1.7
Stealth        | |  1.7
Spellcasting   | |  3.0
Summonings     | |  1.0
Translocations | |  0.8

Action                   || total
-------------------------++-------
Melee: Unarmed           ||    16
       Short sword       ||    26
 Cast: Magic Dart        ||    37
 Stab: Sleeping          ||     3
  Eat: Chunk             ||     1
Armor: Robe              ||     7
Dodge: Dodged            ||    19

Table legend:
 A = Non-vault XP
 B = Vault XP
 C = Vault XP percentage of total XP
 D = Non-vault monster count
 E = Vault monster count
 F = Vault count percentage of total count
                 A         B        C        D         E       F
            +---------+---------+-------+---------+---------+-------
      Total |      58 |       0 |   0.0 |      22 |       0 |   0.0
            +---------+---------+-------+---------+---------+-------
        D:1 |      25 |       0 |   0.0 |      11 |       0 |   0.0
        D:2 |      33 |       0 |   0.0 |      11 |       0 |   0.0
            +---------+---------+-------+---------+---------+-------
